 Dungeon Crawl Stone Soup version 0.29-a0-8-g0446c0dae4 (webtiles) character file.

Game seed: 4449592124172383568

4 riojii the Vexing (level 1, -1/7 HPs)
             Began as a Felid Enchanter on Jan 27, 2022.
             Slain by a goblin (3 damage)
             ... on level 1 of the Dungeon.
             The game lasted 00:00:08 (135 turns).

riojii the Vexing (Felid Enchanter)                  Turns: 135, Time: 00:00:09

Health: -1/7       AC:  1    Str:  4    XL:     1   Next: 50%
Magic:  4/4        EV: 17    Int: 16    God:
Gold:   14         SH:  0    Dex: 16    Spells: 4/4 levels left
                                        Lives:  0   Deaths: 0

rFire   . . .      SeeInvis +     - Unarmed
rCold   . . .      Faith    .   (shield unavailable)
rNeg    . . .      Spirit   .   (armour unavailable)
rPois   .          Reflect  .   (helmet unavailable)
rElec   .          Harm     .   (cloak unavailable)
rCorr   .          Rampage  .   (gloves unavailable)
Will    .....                   (boots unavailable)
Stlth   +++.......              (no amulet)
HPRegen 0.02/turn               (no ring)
MPRegen 0.09/turn               (no ring)

@: quick
A: very small, claws 1, fangs 3, see invisible, speed 1, shaggy fur 1, stealthy
paws, no weapons or thrown items, no armour, multi-lived
a: no special abilities


You were on level 1 of the Dungeon.
You visited 1 branch of the dungeon, and saw 1 of its levels.

You collected 14 gold pieces.

Inventory:

Potions
 a - a potion of invisibility


   Skills:
 + Level 2.7 Dodging
 * Level 4.1 Stealth
 * Level 1.1 Unarmed Combat
 + Level 2.0 Spellcasting
 * Level 4.5 Hexes


You had 4 spell levels left.
You didn't know any spells.
Your spell library contained the following spells:

 Spells                   Type           Power      Damage    Failure   Level
 Confusing Touch          Hex            16%        N/A       10%         3
 Tukima's Dance           Hex            16%        N/A       10%         3
 Ensorcelled Hibernation  Hex/Ice        16%        N/A       12%         2
 Dazzling Flash           Conj/Hex       16%        N/A       24%         3


Dungeon Overview and Level Annotations

Branches:
Dungeon (1/15)

Altars:


Innate Abilities, Weirdness & Mutations

You have sharp claws.
You have razor-sharp teeth.
You have supernaturally acute eyesight. (SInv)
You cover ground quickly. (Speed+)
You are covered in fur. (AC +1)
Your paws help you pounce on unaware monsters.
You are incapable of wielding weapons or throwing items.
You cannot wear armour.
You gain extra lives every three experience levels.


Message History

The hobgoblin shouts!
A hobgoblin is nearby!
A hobgoblin is nearby!
A hobgoblin is nearby!
A goblin comes into view. It is wielding a +0 dagger.
A bat comes into view.
Found a fuming inky potion.
The goblin shouts!
The bat moves out of view.
You scratch the hobgoblin but do no damage.
The hobgoblin hits you.
Ouch! That really hurt!
You are too injured to fight recklessly!
You are too injured to fight recklessly!
You are too injured to fight recklessly!
You are too injured to fight recklessly!
You are too injured to fight recklessly!
You are too injured to fight recklessly!
You are too injured to fight recklessly!
You are too injured to fight recklessly!
You are too injured to fight recklessly!
You are too injured to fight recklessly!
There are monsters nearby!
You scratch the hobgoblin. You bite the hobgoblin.
You kill the hobgoblin!
You see here a hobgoblin corpse.
You barely miss the goblin. The goblin barely misses you.
You barely miss the goblin. The goblin completely misses you.
You completely miss the goblin. The goblin barely misses you.
You scratch the goblin.
The goblin is severely wounded.
The goblin barely misses you.
You completely miss the goblin. You bite the goblin, but do no damage.
The goblin is severely wounded.
The goblin hits you with a +0 dagger.
* * * LOW HITPOINT WARNING * * *
You barely miss the goblin.
The goblin is severely wounded.
The goblin hits you with a +0 dagger.
You die...

########.#.#....
..#.#'#.#.###
#.#.....#.. #
#.#.....#..
#.###.##...##..
#...............
####.#########..
##+######.#
#....@....#
#...g######
....... .!.....
.#..... #.....
##.### #.


You could see a goblin.

Vanquished Creatures
  A giant cockroach (D:1)
  A goblin (D:1)
  A hobgoblin (D:1)
3 creatures vanquished.

Notes
Turn   | Place    | Note
-------+----------+-------------------------------------------
     0 | D:1      | riojii the Felid Enchanter began the quest for the Orb.
     0 | D:1      | Reached XP level 1. HP: 7/7 MP: 4/4
   135 | D:1      | Slain by a goblin

Illustrated notes

Levels and vault maps discovered:
D:1:      ebering_hopf_link, layout_basic

Action                   || total
-------------------------++-------
Melee: Unarmed           ||    13
       Bite              ||     2
Dodge: Dodged            ||     7

Table legend: (Time is in decaauts)
 A = Elapsed time spent in this place.
 B = Non-inter-level travel time spent in this place.
 C = Inter-level travel time spent in this place.
 D = Time resting spent in this place.
 E = Time spent auto-exploring this place.
 F = Levels seen in this place.
 G = Mean time per level.
                   A        B        C        D        E       F      G
               +--------+--------+--------+--------+--------+-----+--------+
         Total |    129 |    129 |      0 |      0 |    105 |   1 |  129.0 |
       Dungeon |    129 |    129 |      0 |      0 |    105 |   1 |  129.0 |
               +--------+--------+--------+--------+--------+-----+--------+

Top non-repeatable levels by time:
     D:1: 129 daAuts
